 Dungeon Crawl Stone Soup version 0.32-a0-861-g165e151e72 (webtiles) character file.

Game seed: 4631305246524833738

1348 Ajdolov the Frost Mage (level 8, -10/62 HPs)
             Began as a Ghoul Ice Elementalist on Mar 28, 2024.
             Was an Initiate of Vehumet.
             Shot with an arrow by an orc warrior (12 damage)
             ... on level 7 of the Dungeon.
             The game lasted 00:12:13 (6581 turns).

Ajdolov the Frost Mage (Ghoul Ice Elementalist)     Turns: 6581, Time: 00:12:13

Health: -10/62     AC:  5    Str: 12    XL:     8   Next: 63%
Magic:  1/15       EV: 11    Int: 16    God:    Vehumet [......]
Gold:   291        SH:  0    Dex:  9    Spells: 7/17 levels left

rFire   . . .        n - +1 hand axe (venom)
rCold   + . .        (no shield)
rNeg    + + +        q - +2 robe {Will+}
rPois   ∞            k - +0 helmet
rElec   .            (no cloak)
rCorr   +            (no gloves)
SInv    .            (no boots)
Will    ++...        (no amulet)
Stlth   ++           o - ring of willpower
HPRegen 0.00/turn    x - ring of resist corrosion
MPRegen 0.14/turn

%: no passive effects
@: inhibited regen
A: claws 1, cold resistance 1, negative energy resistance 3, inhibited
regeneration, torment resistance 2, devour on kill
a: Renounce Religion


You were on level 7 of the Dungeon.
You worshipped Vehumet.
Vehumet was noncommittal.
You visited 2 branches of the dungeon, and saw 8 of its levels.

You collected 291 gold pieces.

Inventory:

Hand Weapons
 c - a +0 dagger
 n - a +1 hand axe of venom (weapon)
Armour
 k - a +0 helmet (worn)
 q - a +2 robe of willpower (worn)
Jewellery
 o - a ring of willpower (left claw)
 x - a ring of resist corrosion (right claw)
 y - a ring of fire
Wands
 j - a wand of flame (35)
Scrolls
 a - a scroll of immolation {unknown}
 d - a scroll of enchant armour {unknown}
 f - a scroll of summoning {unknown}
 h - 2 scrolls of noise {unknown}
 i - 3 scrolls of identify {unknown}
 m - a scroll of blinking {unknown}
 t - 2 scrolls of fog {unknown}
 u - a scroll of acquirement {unknown}
 v - a scroll of teleportation {unknown}
Potions
 b - a potion of magic
 e - a potion of ambrosia {unknown}
 g - 3 potions of mutation {unknown}
 l - a potion of might {unknown}
 p - 2 potions of lignification {unknown}
 r - 4 potions of invisibility {unknown}
 s - 2 potions of curing {unknown}
 w - a potion of heal wounds {unknown}
 z - a potion of haste {unknown}
 A - a potion of degeneration {unknown}


   Skills:
 + Level 2.7 Fighting
 - Level 1.7 Dodging
 - Level 2.1 Stealth
 - Level 5.0 Spellcasting
 - Level 10.0 Ice Magic


You had 7 spell levels left.
You knew the following spells:

 Your Spells              Type           Power      Damage    Failure   Level
a - Freeze                Ice            100%       1d10      1%          1
b - Frozen Ramparts       Ice            72%        1d11      1%          3
c - Ozocubu's Armour      Ice            36%        N/A       1%          3
d - Summon Ice Beast      Ice/Summ       20%        N/A       6%          3

Your spell library contained the following spells:

 Spells                   Type           Power      Damage    Failure   Level
 Scorch                   Fire           8%         2d5       22%         2
 Flame Wave               Conj/Fire      4%         2d5       83%         4
 Conjure Ball Lightning   Conj/Air       2%         3x3d6     100%        6
 Summon Cactus Giant      Summ           2%         N/A       100%        6
 Malign Gateway           Summ/Tloc      2%         N/A       100%        7
 Discord                  Hex            2%         N/A       100%        8
 Disjunction              Tloc           2%         N/A       100%        8
 Summon Horrible Things   Summ           2%         N/A       100%        8


Dungeon Overview and Level Annotations

Branches:
Dungeon (7/15)             Temple (1/1) D:6

Altars:
Cheibriados
Dithmenos
Fedhas
Gozag
Hepliaklqana
Kikubaaqudgha
Makhleb
Nemelex Xobeh
Okawaru
Ru
Sif Muna
Trog
Uskayaw
Vehumet
Wu Jian
Xom
Yredelemnul

Annotations:
D:4 Eustachio, Menkaure


Innate Abilities, Weirdness & Mutations

You are immune to poison.
You have sharp fingernails.
Your flesh is cold resistant. (rC+)
You are immune to negative energy. (rN+++)
You do not regenerate when monsters are visible.
You are immune to unholy pain and torment.
You thrive by killing the living.


Message History

Unknown command.
The wall freezes the orc warrior!
The orc warrior unwields a +0 glaive.
The orc warrior wields a +0 orcbow.
The orc warrior shoots an arrow.
The arrow hits your ice beast!
Your ice beast dies!
Your ice beast disappears in a puff of smoke!
Unknown command.
Casting: Ozocubu's Armour (safe; 1% risk of failure)
Confirm with . or Enter, or press ? or * to list all spells.
You miscast Summon Ice Beast.
You are very lightly contaminated with residual magic.
Nothing appears to happen.
The wall freezes the orc warrior.
The orc warrior shoots an arrow.
The arrow hits you.
Unknown command.
Casting: Summon Ice Beast (dangerous; 6% risk of failure)
Confirm with . or Enter, or press ? or * to list all spells.
A chill wind blows around you.
The wall freezes the orc warrior but does no damage.
The orc warrior shoots an arrow.
The arrow hits you.
Unknown command.
Your icy armour cracks and falls away as you move.
The frozen ramparts melt away as you move.
The orc warrior shoots an arrow.
The arrow hits you!
* * * LOW HITPOINT WARNING * * *
Your ice beast hits something.
Your ice beast freezes something.
Vehumet accepts your kill.
You feel a bit more experienced.
The orc warrior shoots an arrow.
The arrow hits you!
* * * LOW HITPOINT WARNING * * *
The orc warrior shoots an arrow.
The arrow hits your ice beast!
Your ice beast hits the orc warrior but does no damage.
The orc warrior shoots an arrow.
The arrow hits your ice beast!
Your ice beast dies!
Your ice beast disappears in a puff of smoke!
The orc warrior shoots an arrow.
The arrow hits you.
* * * LOW HITPOINT WARNING * * *
The orc warrior shoots an arrow.
The arrow barely misses you.
Your magical contamination has completely faded away.
The orc warrior shoots an arrow.
The arrow hits you!
You die...

..# #...........#...'........
..# #...........#...#.....#..
### ###..o........###+#.....#..
#####....#)#########..<........
#...#....#.........#..........#
#...#....#.........#..........#
#...#...Y+........[#..........#
#...#....#.........+...........
##..#....#..####@.##...........
##..#....#..#####'#......######
....#....#........#......#
....#....#........#......#
....#....#........'......#
#####....##+#######......#
....).........<.....##'####
....................#.....#
...)................+.....#


You could see an orc warrior.

Vanquished Creatures
  A hornet (D:7)
  A sky beast (D:6)
  A centaur (D:6)
  2 scorpions
  2 killer bees (D:7)
  2 jellies
  An orc priest (D:3)
  Terence (D:3)
  An orc wizard (D:3)
  8 adders
  12 dart slugs
  9 orcs
  8 bats
  5 endoplasms
  2 giant cockroaches
  5 goblins
  13 hobgoblins
  2 jackals (D:4)
  6 kobolds
  3 quokkas
  9 ball pythons
  3 frilled lizards
  A rat (D:1)
98 creatures vanquished.

Vanquished Creatures (collateral kills)
  A steam dragon (D:7)
  A sky beast (D:7)
  An ogre (D:5)
  3 killer bees (D:7)
  An orc wizard (D:7)
  A shadow imp (D:5)
  An orc (D:7)
9 creatures vanquished.

Grand Total: 107 creatures vanquished

Notes
Turn   | Place    | Note
-------+----------+-------------------------------------------
     0 | D:1      | Ajdolov the Ghoul Ice Elementalist began the quest for the
                  | Orb.
     0 | D:1      | Reached XP level 1. HP: 14/14 MP: 3/3
   143 | D:1      | Reached XP level 2. HP: 15/20 MP: 1/5
   582 | D:1      | Reached skill level 5 in Ice Magic
   689 | D:1      | Found a faded altar of an unknown god.
   795 | D:1      | Reached XP level 3. HP: 26/26 MP: 4/6
  1410 | D:2      | Learned a level 3 spell: Frozen Ramparts
  1561 | D:2      | Reached XP level 4. HP: 33/33 MP: 5/7
  2198 | D:3      | Reached skill level 6 in Ice Magic
  2210 | D:3      | Reached XP level 5. HP: 38/38 MP: 5/9
  2218 | D:3      | Noticed Terence
  2228 | D:3      | Killed Terence
  2307 | D:3      | Learned a level 3 spell: Ozocubu's Armour
  2449 | D:3      | Reached XP level 6. HP: 40/45 MP: 5/10
  3207 | D:4      | Reached skill level 7 in Ice Magic
  3578 | D:4      | Noticed Menkaure
  3583 | D:4      | Noticed Eustachio
  3738 | D:5      | Entered Level 5 of the Dungeon
  4037 | D:5      | Learned a level 3 spell: Summon Ice Beast
  4547 | D:5      | Reached XP level 7. HP: 48/50 MP: 5/12
  4877 | D:6      | Reached skill level 8 in Ice Magic
  5132 | D:6      | Found a staircase to the Ecumenical Temple.
  5136 | Temple   | Entered the Ecumenical Temple
  5149 | Temple   | Became a worshipper of Vehumet
  5211 | D:6      | Found an ornate altar of the Wu Jian Council.
  5225 | D:6      | Found a burning altar of Makhleb.
  5614 | D:7      | Reached skill level 9 in Ice Magic
  5614 | D:7      | Reached XP level 8. HP: 37/57 MP: 9/14
  6092 | D:7      | Noticed a hornet
  6102 | D:7      | Killed a hornet
  6103 | D:7      | Reached skill level 5 in Spellcasting
  6103 | D:7      | Reached skill level 10 in Ice Magic
  6579 | D:7      | HP: 2/62 [orc warrior/arrow (5)]
  6581 | D:7      | Shot with an arrow by an orc warrior

Illustrated notes

Levels and vault maps discovered:
D:1:      dpeg_arrival_rooms_b, layout_loops_ring,
          shapermc_ecumenical_altar_totnotflames, kennysheep_small_spiral,
          columned_hall_lemuel, ebering_dispersal_statue_hall
D:2:      layout_rooms, minmay_octomino_c4
D:3:      kennysheep_slugbush, layout_loops_ring, uniq_terence
D:4:      layout_basic, uniq_menkaure, uniq_eustachio
D:5:      layout_basic
D:6:      layout_loops_ring, mainiacjoe_overflow_big_doors,
          minmay_temple_entry_glassed_door, serial_glass, glass_columns_c,
          glass_columns_a, minmay_strange_pillars, minmay_strange_pillars
D:7:      layout_gridville, cheibrodos_ashenzari_chains, grunt_potential,
          uniq_pikel
Temple:   dpeg_three_leaves_temple

Skill      XL: |  1  2  3  4  5  6  7  8 |
---------------+-------------------------+-----
Spellcasting   | 2 3 4 5 |  5.0
Ice Magic      | 5 6 7 9 10 | 10.0
Fighting       | 2 |  2.7
Dodging        | |  1.7
Stealth        | |  2.1

Action                     |  1- 3 |  4- 6 |  7- 9 || total
---------------------------+-------+-------+-------++-------
  Melee: Dagger            |    25 |     3 |       ||    28
         Hand axe          |       |    34 |    22 ||    56
   Cast: Freeze            |    45 |    52 |     4 ||   101
         Frozen Ramparts   |       |     9 |     8 ||    17
         Summon Ice Beast  |       |     3 |    10 ||    13
         Ozocubu's Armour  |       |       |     2 ||     2
  Evoke: Wand              |       |     9 |       ||     9
   Stab: Sleeping          |     3 |       |       ||     3
         Distracted        |       |       |     1 ||     1
 Armour: Robe              |    36 |    67 |    50 ||   153
  Dodge: Dodged            |    33 |    49 |    43 ||   125

Table legend: (Time is in decaauts)
 A = Elapsed time spent in this place.
 B = Non-inter-level travel time spent in this place.
 C = Inter-level travel time spent in this place.
 D = Time resting spent in this place.
 E = Time spent auto-exploring this place.
 F = Levels seen in this place.
 G = Mean time per level.
                   A        B        C        D        E       F      G
               +--------+--------+--------+--------+--------+-----+--------+
         Total |   6614 |   6260 |    354 |    915 |   3911 |   8 |  826.8 |
       Dungeon |   6587 |   6245 |    342 |    915 |   3911 |   7 |  941.0 |
        Temple |     26 |     14 |     12 |      0 |      0 |   1 |   26.0 |
               +--------+--------+--------+--------+--------+-----+--------+

Top non-repeatable levels by time:
     D:1: 1252 daAuts
     D:7: 1155 daAuts
     D:2: 991 daAuts
     D:3: 866 daAuts
     D:4: 800 daAuts
     D:6: 767 daAuts
     D:5: 754 daAuts
  Temple: 26 daAuts
